[Event "Titled Tuesday Blitz April 25 Early 2023"]
[White "Ramirez, Maria Eugenia"]
[Black "Fuzesabonyilaci"]
[WhiteFideId "3301680"]
[WhiteElo "1842"]
[BlackElo "2325"]
[Result "1-0"]
[Round "05"]
[TimeControl "180+2"]
[Date "2023.04.25"]
[WhiteClock "0:00:05"]
[BlackClock "0:00:01"]

1. e4 e5 2. Nf3 Nc6 3. Nc3 Nf6 4. Bb5 Nd4 5. Bc4 d6 6. h3 Be7 7. O-O Ne6 8. d4 exd4 9. Nxd4 Nxd4 10. Qxd4 O-O 11. Bg5 Nd7 12. Bxe7 Qxe7 13. Rae1 a6 14. Nd5 Qd8 15. f4 b5 16. Bd3 c6 17. Nc3 Qb6 18. Qxb6 Nxb6 19. e5 d5 20. f5 c5 21. e6 fxe6 22. fxe6 Bb7 23. Bf5 Rae8 24. e7 Rf6 25. Be6+ Rxe6 26. Rxe6 Nc8 27. Rfe1 Kf7 28. R6e5 Rxe7 29. Rf1+ Ke8 30. Ref5 Nd6 31. Rh5 g6 32. Rh4 d4 33. Nd1 Nf5 34. Rhf4 Re2 35. R4f2 Re7 36. g4 Nd6 37. Rf8+ Kd7 38. Rh8 Kc7 39. c3 d3 40. Rhf8 c4 41. R8f6 Ne4 42. Rf7 Kd6 43. Rxe7 Kxe7 44. Re1 Kd6 45. Ne3 Ke5 46. Kf1 Kf4 47. Nd1 Kf3 48. Re3+ Kf4 49. Ke1 Bc6 50. b3 h5 51. bxc4 bxc4 52. gxh5 gxh5 53. h4 1-0


[Site "https://www.chess.com"]

[Event "Titled Tuesday Blitz April 25 Early 2023"]
[White "Kuchava, Ana"]
[Black "Pavlidis, Anastasios"]
[WhiteFideId "13605348"]
[BlackFideId "4208404"]
[WhiteElo "2001"]
[BlackElo "2210"]
[Result "1-0"]
[Round "05"]
[TimeControl "180+2"]
[Date "2023.04.25"]
[WhiteClock "0:00:13"]
[BlackClock "0:00:46"]

1. d4 d5 2. Nf3 e6 3. c4 h6 4. Nc3 Nf6 5. Bf4 Bd6 6. Bxd6 Qxd6 7. e3 O-O 8. Bd3 c5 9. cxd5 exd5 10. h3 c4 11. Bc2 a6 12. O-O b5 13. a3 Re8 14. Ne5 Bb7 15. f4 Nbd7 16. Rf3 Ne4 17. Bxe4 dxe4 18. Rg3 Nf6 19. Ng4 Nxg4 20. Qxg4 Qf6 21. Rf1 Rad8 22. f5 Re7 23. Ne2 Bc8 24. Rf4 Rde8 25. Nc3 Bb7 26. d5 a5 27. Nxe4 Rxe4 28. Rxe4 Rd8 29. Rd4 Rxd5 30. Qf4 Kh7 31. Kh2 Rxf5 32. Qc7 Qc6 33. Qxc6 Bxc6 34. Rd6 Be4 35. Rb6 Rf2 36. Rxb5 Bd3 37. Rb6 a4 38. Rb7 h5 39. Rf3 Rxf3 40. gxf3 Bc2 41. Rxf7 Bb3 42. Rc7 Kg6 43. Kg3 Kg5 44. Rxg7+ Kh6 45. Rc7 Kg5 46. h4+ Kh6 47. Kf4 Kg6 48. e4 Kh6 49. e5 Kg6 50. Rc6+ 1-0


[Site "https://www.chess.com"]

[Event "Titled Tuesday Blitz April 25 Early 2023"]
[White "Kiseleva, Arina"]
[Black "TigranHH"]
[WhiteFideId "4164989"]
[WhiteElo "1708"]
[BlackElo "2319"]
[Result "0-1"]
[Round "05"]
[TimeControl "180+2"]
[Date "2023.04.25"]
[WhiteClock "0:00:14"]
[BlackClock "0:01:02"]

1. d4 Nf6 2. Nf3 d5 3. e3 Bf5 4. Bd3 Bxd3 5. cxd3 Nbd7 6. Nc3 e6 7. O-O Be7 8. e4 O-O 9. Bg5 h6 10. Bh4 c6 11. Qd2 Nh5 12. Bxe7 Qxe7 13. e5 g5 14. Ne2 f5 15. exf6 Qxf6 16. Ng3 Nf4 17. Rae1 Nxg2 18. Ne5 Nxe1 19. Rxe1 Nxe5 20. Rxe5 Rae8 21. Qe2 Qf3 22. Rxe6 Qxe2 23. Rxe2 Rxe2 24. Nxe2 Rf3 25. Nc1 Kf7 26. Kg2 g4 27. b3 Kg6 28. Ne2 Kf5 29. Ng3+ Kg5 0-1


[Site "https://www.chess.com"]

[Event "Titled Tuesday Blitz April 25 Early 2023"]
[White "Sohier, Julien"]
[Black "Winkels, Marcel"]
[WhiteFideId "645346"]
[BlackFideId "1003887"]
[WhiteElo "2209"]
[BlackElo "1900"]
[Result "0-1"]
[Round "05"]
[TimeControl "180+2"]
[Date "2023.04.25"]
[WhiteClock "0:01:08"]
[BlackClock "0:00:35"]

1. e4 c5 2. Nc3 d6 3. d4 cxd4 4. Qxd4 Nc6 5. Qd2 g6 6. b3 Bh6 7. f4 Nf6 8. Bb2 O-O 9. O-O-O Be6 10. Kb1 a6 11. Qf2 b5 12. f5 Bd7 13. Bd3 Ne5 14. h3 Nxd3 15. cxd3 b4 16. Nce2 a5 17. Nf3 a4 18. g4 Bg7 19. g5 Nh5 20. Bxg7 Kxg7 21. Ng3 Nxg3 22. Qxg3 axb3 23. axb3 Qa5 24. f6+ exf6 25. gxf6+ Kh8 26. Kc1 Qa2 27. Nd2 Qa1+ 28. Nb1 Ra2 29. Rd2 Rc8+ 0-1


[Site "https://www.chess.com"]

[Event "Titled Tuesday Blitz April 25 Early 2023"]
[White "Semenova, Alina"]
[Black "Kohler, Aran"]
[WhiteFideId "24113875"]
[BlackFideId "1002856"]
[WhiteElo "1833"]
[BlackElo "2294"]
[Result "1-0"]
[Round "05"]
[TimeControl "180+2"]
[Date "2023.04.25"]
[WhiteClock "0:01:19"]
[BlackClock "0:00:36"]

1. e4 c6 2. d4 d5 3. Nd2 dxe4 4. Nxe4 Bf5 5. Ng3 Bg6 6. Nf3 Nd7 7. h4 h6 8. h5 Bh7 9. Bd3 Ngf6 10. O-O e6 11. Bf4 Be7 12. c4 Bxd3 13. Qxd3 Qa5 14. a3 Nxh5 15. Nxh5 Qxh5 16. Rfe1 O-O-O 17. b4 g5 18. Bg3 Nb6 19. Qc3 Kd7 20. d5 cxd5 21. cxd5 Nxd5 22. Qe5 Rhg8 23. Rad1 Ke8 24. Nd4 Bd6 25. Qxd5 Bxg3 26. Qb5+ Kf8 27. fxg3 Qg4 28. Nxe6+ fxe6 29. Rxd8+ Kg7 30. Rxg8+ Kxg8 31. Qe8+ Kg7 32. Qe7+ Kh8 33. Qf6+ Kh7 34. Qxe6 Qxg3 35. Qe4+ Kg8 36. Qg6+ 1-0


[Site "https://www.chess.com"]

[Event "Titled Tuesday Blitz April 25 Early 2023"]
[White "Kiselev, Pavel"]
[Black "Medina Paz, Miguel"]
[WhiteFideId "4191102"]
[BlackFideId "7300379"]
[WhiteElo "2145"]
[BlackElo "2428"]
[Result "0-1"]
[Round "05"]
[TimeControl "180+2"]
[Date "2023.04.25"]
[WhiteClock "0:01:16"]
[BlackClock "0:02:24"]

1. Nf3 Nf6 2. d4 e6 3. c4 Nc6 4. g3 Bb4+ 5. Bd2 Bxd2+ 6. Nbxd2 d6 7. Bg2 O-O 8. O-O e5 9. d5 Nb8 10. e4 a5 11. Qc2 Bg4 12. Ne1 Be2 13. f4 Bxf1 14. Kxf1 Na6 15. fxe5 dxe5 16. Ndf3 Qd6 17. Rc1 Nd7 18. Nd3 Nac5 19. Nf2 g6 20. a3 a4 21. Nd2 f5 22. exf5 gxf5 23. Qd1 Kh8 24. Qh5 e4 25. Nd1 Nd3 26. Rc2 N7e5 27. Kg1 Qc5+ 28. Kh1 Nf2+ 29. Nxf2 Qxf2 30. Qd1 Ng4 31. Nxe4 fxe4 32. Rxf2 Nxf2+ 0-1


[Site "https://www.chess.com"]

[Event "Titled Tuesday Blitz April 25 Early 2023"]
[White "Molenda, Marcin"]
[Black "Quirke, Jeffrey"]
[WhiteFideId "1173065"]
[BlackFideId "2013029"]
[WhiteElo "2286"]
[BlackElo "2214"]
[Result "1-0"]
[Round "05"]
[TimeControl "180+2"]
[Date "2023.04.25"]
[WhiteClock "0:01:46"]
[BlackClock "0:00:25"]

1. e4 e6 2. b3 c5 3. d4 cxd4 4. Qxd4 Nc6 5. Qd2 d6 6. Nc3 Nf6 7. Bb2 Be7 8. Nf3 a6 9. O-O-O O-O 10. Rg1 b5 11. Bd3 Bb7 12. Kb1 Rc8 13. g4 Qb6 14. g5 Nh5 15. h4 b4 16. Na4 Qc7 17. Bc4 Na5 18. Be2 g6 19. Nd4 e5 20. Bxh5 exd4 21. Qxd4 Qxc2+ 22. Ka1 f6 23. Bxg6 hxg6 24. gxf6 Nxb3+ 25. axb3 Qxb3 26. Rxg6+ Kf7 27. Rg7+ Ke8 28. Rxe7+ Kd8 29. Qxd6# 1-0


[Site "https://www.chess.com"]

[Event "Titled Tuesday Blitz April 25 Early 2023"]
[White "Amitpal, Singh"]
[Black "Womacka, Mathias"]
[WhiteFideId "5012899"]
[BlackFideId "4611390"]
[WhiteElo "2107"]
[BlackElo "2377"]
[Result "0-1"]
[Round "05"]
[TimeControl "180+2"]
[Date "2023.04.25"]
[WhiteClock "0:00:03"]
[BlackClock "0:00:49"]

1. e4 c5 2. Nc3 Nc6 3. Bb5 Nd4 4. Nf3 Nxb5 5. Nxb5 d6 6. O-O Nf6 7. Re1 a6 8. Nc3 g6 9. d4 cxd4 10. Qxd4 Bg7 11. e5 Nd7 12. Bf4 dxe5 13. Bxe5 Nxe5 14. Qxd8+ Kxd8 15. Nxe5 Be6 16. Rad1+ Kc7 17. Nd5+ Bxd5 18. Rxd5 Bxe5 19. Rexe5 e6 20. Rc5+ Kd6 21. f4 Rhc8 22. Rxc8 Rxc8 23. c3 Rc4 24. g3 b5 25. a3 Rc5 26. Re2 Rd5 27. Kf2 Rd1 28. Ke3 Kd5 29. Rd2+ Rxd2 30. Kxd2 Ke4 31. b3 h5 32. Ke2 f6 33. Kd2 h4 34. Ke2 h3 35. Kd2 e5 36. fxe5 fxe5 37. Ke2 a5 38. Kd2 Kf3 39. c4 bxc4 40. bxc4 e4 41. Ke1 Kg2 42. c5 Kxh2 43. c6 Kxg3 44. c7 h2 45. c8=Q h1=Q+ 46. Ke2 Qf3+ 47. Kd2 Qxa3 48. Qc7+ Kg2 49. Qc6 Qd3+ 50. Ke1 g5 51. Qf6 Qe3+ 52. Kd1 g4 0-1


[Site "https://www.chess.com"]

[Event "Titled Tuesday Blitz April 25 Early 2023"]
[White "Aguilar, Juan"]
[Black "Larina, Maria"]
[WhiteFideId "3800091"]
[BlackFideId "24113182"]
[WhiteElo "2404"]
[BlackElo "1848"]
[Result "1-0"]
[Round "05"]
[TimeControl "180+2"]
[Date "2023.04.25"]
[WhiteClock "0:00:12"]
[BlackClock "0:00:11"]

1. e4 c6 2. d4 d5 3. Nc3 dxe4 4. Nxe4 Nf6 5. Nxf6+ exf6 6. c3 Bd6 7. Bd3 O-O 8. Qc2 Re8+ 9. Ne2 h5 10. O-O h4 11. h3 Nd7 12. Bf4 Rxe2 13. Qxe2 Bxf4 14. Qe4 Bh6 15. Qh7+ Kf8 16. Rfe1 Ne5 17. Qh8+ Ke7 18. Qxd8+ Kxd8 19. dxe5 fxe5 20. Rxe5 Be6 21. Rd1 Kc7 22. Bb1 b5 23. b3 Bf4 24. Re4 g5 25. Ree1 a5 26. Be4 a4 27. Bc2 axb3 28. Bxb3 Bxb3 29. axb3 f5 30. c4 bxc4 31. bxc4 Ra4 32. c5 Rc4 33. Re7+ Kc8 34. Ra1 Kd8 35. Rf7 Rb4 36. Rxf5 Kd7 37. Re1 Rc4 38. Rf7+ Kd8 39. Ra1 Ke8 40. Rb7 Rd4 41. Ra8+ Rd8 42. Rxd8+ Kxd8 43. Rf7 Ke8 44. Rh7 Kd8 45. Kf1 Kc8 46. Ke2 Kd8 47. Kf3 Bd2 48. g3 hxg3 49. fxg3 Bb4 50. Rg7 Bxc5 51. Rxg5 Bd6 52. Rg7 Ke8 53. h4 c5 54. Ra7 Be7 55. Rxe7+ Kxe7 56. Ke4 Kf6 57. g4 Kg6 58. Kd5 Kh6 59. Kxc5 Kg6 60. Kd5 1-0


[Site "https://www.chess.com"]

[Event "Titled Tuesday Blitz April 25 Early 2023"]
[White "Carrasco Miranda, Andres"]
[Black "rionelG"]
[WhiteFideId "3405990"]
[WhiteElo "2183"]
[BlackElo "2156"]
[Result "1-0"]
[Round "05"]
[TimeControl "180+2"]
[Date "2023.04.25"]
[WhiteClock "0:00:27"]
[BlackClock "0:00:15"]

1. d4 Nf6 2. c4 g6 3. g3 Bg7 4. Bg2 O-O 5. Nc3 d6 6. Nf3 Nc6 7. O-O a6 8. Bf4 Nd7 9. Rc1 e5 10. dxe5 Ndxe5 11. Nxe5 dxe5 12. Be3 Be6 13. b3 Rb8 14. Bc5 Re8 15. Qc2 Nd4 16. Qd1 b6 17. Ba3 Qc8 18. e3 Nf5 19. Qe2 b5 20. cxb5 axb5 21. Ne4 Qa6 22. Bc5 Bd5 23. Nf6+ Bxf6 24. Bxd5 Red8 25. Rfd1 Kg7 26. a4 Nd6 27. h4 h5 28. Ba3 Nf5 29. Rxc7 Qb6 30. Rxf7+ Kh6 31. e4 Nd4 32. Bc1+ 1-0


[Site "https://www.chess.com"]

[Event "Titled Tuesday Blitz April 25 Early 2023"]
[White "Silvestre, Christian"]
[Black "dDobravcan"]
[WhiteFideId "30956269"]
[WhiteElo "2344"]
[BlackElo "2146"]
[Result "1-0"]
[Round "05"]
[TimeControl "180+2"]
[Date "2023.04.25"]
[WhiteClock "0:00:20"]
[BlackClock "0:00:02"]

1. d4 d6 2. e4 Nf6 3. f3 c6 4. Bd3 Qb6 5. Ne2 e5 6. c3 Be7 7. Qc2 O-O 8. Be3 Nbd7 9. Bf2 Qc7 10. Nd2 Re8 11. a4 a5 12. O-O Bf8 13. Ng3 g6 14. Rad1 d5 15. Rfe1 h5 16. Ngf1 Bg7 17. exd5 Nxd5 18. Nc4 Nf4 19. dxe5 Nxd3 20. Qxd3 Nxe5 21. Nxe5 Bxe5 22. f4 Bf5 23. fxe5 Bxd3 24. Rxd3 Rxe5 25. Red1 Rae8 26. h4 Re2 27. R3d2 Qf4 28. Rxe2 Rxe2 29. Rd8+ Kh7 30. Bd4 f6 31. Rd7+ Kg8 32. Rd8+ Kf7 33. Rd7+ Ke6 34. Rd8 Re1 35. Re8+ Kd5 36. Rxe1 Kc4 37. Ne3+ Kb3 38. Rf1 Qd6 39. Rxf6 Qg3 40. Rf2 Qxh4 41. Nf1 Qg4 42. Nh2 Qe6 43. Nf3 Qg4 44. Ne5 Qe4 45. Nf3 h4 46. Nd2+ Kxb2 47. Nxe4+ Kb3 48. Nc5+ Kc4 49. Nxb7 Kd5 50. Nxa5 c5 51. Bxc5 Kxc5 52. Rf6 g5 53. Rg6 Kd5 54. Rxg5+ Ke4 55. Rg4+ Kd3 56. Rxh4 Kxc3 57. Nc6 1-0


[Site "https://www.chess.com"]

[Event "Titled Tuesday Blitz April 25 Early 2023"]
[White "Flis, Pawel"]
[Black "Melaugh, Shane"]
[WhiteFideId "1112864"]
[BlackFideId "2509580"]
[WhiteElo "1822"]
[BlackElo "2034"]
[Result "0-1"]
[Round "05"]
[TimeControl "180+2"]
[Date "2023.04.25"]
[WhiteClock "0:00:05"]
[BlackClock "0:00:24"]

1. e4 c5 2. Nf3 Nc6 3. d4 cxd4 4. Nxd4 Nf6 5. Nc3 e5 6. Ndb5 d6 7. Bg5 a6 8. Na3 b5 9. Nd5 Be7 10. Bxf6 Bxf6 11. c3 O-O 12. Nc2 Bg5 13. a4 bxa4 14. Rxa4 a5 15. Bc4 Be6 16. O-O Ne7 17. b3 f5 18. Nxe7+ Qxe7 19. Qd3 f4 20. f3 Kh8 21. Rd1 Bxc4 22. Rxc4 Qa7+ 23. Kh1 Be7 24. Qd5 Qb6 25. b4 a4 26. Na3 Qf2 27. Qd2 Qxd2 28. Rxd2 Rfc8 29. Rxc8+ Rxc8 30. c4 d5 31. exd5 Bxb4 32. Rd3 Bxa3 33. Rxa3 Rxc4 34. g3 Kg8 35. gxf4 exf4 36. Kg2 Kf7 37. Kh3 Kf6 38. Kg4 Ke5 39. Rd3 Kd6 40. Kf5 Rc5 41. Kxf4 Rxd5 42. Ra3 Ra5 43. Ke4 Kc5 44. f4 Kb4 45. Ra1 a3 46. Rb1+ Kc3 47. Rb8 a2 48. Rc8+ Kd2 49. Rd8+ Ke2 50. Ra8 Rxa8 0-1


[Site "https://www.chess.com"]

[Event "Titled Tuesday Blitz April 25 Early 2023"]
[White "Sovetbekova, Nurai"]
[Black "Steenbekkers, Franck"]
[WhiteFideId "13801910"]
[BlackFideId "1004220"]
[WhiteElo "1857"]
[BlackElo "2096"]
[Result "0-1"]
[Round "05"]
[TimeControl "180+2"]
[Date "2023.04.25"]
[WhiteClock "0:00:02"]
[BlackClock "0:00:36"]

1. d4 Nf6 2. c4 g6 3. Nc3 Bg7 4. e4 d6 5. Nf3 O-O 6. Be2 e5 7. d5 a5 8. Bg5 Na6 9. Nd2 h6 10. Be3 Nc5 11. O-O Nh7 12. f4 f5 13. fxe5 Bxe5 14. Nf3 Bxc3 15. bxc3 Nxe4 16. Bxh6 Nxc3 17. Qd2 Nxe2+ 18. Qxe2 Re8 19. Qd2 Qf6 20. Ng5 Bd7 21. Nxh7 Kxh7 22. Rab1 b6 23. Rf3 Re4 24. Rh3 Kg8 25. Rf1 Rae8 26. Be3 Qe5 27. Bf2 Qf4 28. Qc3 Qe5 29. Qd2 f4 30. Rf3 Bg4 31. Rb3 Re2 32. Qc1 f3 33. gxf3 Bh3 34. f4 Qf5 35. Rd1 Rxa2 36. Rg3 Ree2 37. Bd4 Rg2+ 38. Kh1 Rxg3 39. hxg3 Qe4+ 40. Kg1 Qg2# 0-1


[Site "https://www.chess.com"]

[Event "Titled Tuesday Blitz April 25 Early 2023"]
[White "Della Corte, Alessandro"]
[Black "Necula, Iulian"]
[WhiteFideId "813540"]
[BlackFideId "1232380"]
[WhiteElo "2205"]
[BlackElo "1790"]
[Result "1-0"]
[Round "05"]
[TimeControl "180+2"]
[Date "2023.04.25"]
[WhiteClock "0:01:20"]
[BlackClock "0:00:26"]

1. d4 d6 2. c4 e5 3. dxe5 dxe5 4. Qxd8+ Kxd8 5. Nc3 c6 6. Nf3 f6 7. e3 Be6 8. Be2 Nd7 9. O-O Nh6 10. Rd1 Kc7 11. b3 a5 12. Bb2 Be7 13. Rac1 Nf5 14. Nd5+ Kd8 15. Nxe7 Kxe7 16. Nd2 Kf7 17. Ne4 h5 18. Rd2 a4 19. Rcd1 axb3 20. axb3 Ke7 21. Bc3 b6 22. Nd6 Nxd6 23. Rxd6 Rac8 24. Bf3 c5 25. R6d2 Rc7 26. Kf1 g6 27. Be4 f5 28. Bd5 Bxd5 29. Rxd5 Ra8 30. Bxe5 Nxe5 31. Rxe5+ Kf7 32. f4 Ra3 33. Rd6 Rxb3 34. Kf2 Rb4 35. Ree6 Rxc4 36. Rxg6 b5 37. Rdf6+ Ke7 38. Rxf5 b4 39. Rxh5 Kd7 40. Rh7+ Kc8 41. Rg8+ Kb7 42. Rhh8 Rc2+ 43. Kf3 c4 44. Rb8+ Kc6 45. Rxb4 c3 46. h4 Rc1 47. h5 Kc5 48. Rb3 Kc4 49. Ra3 Kd3 50. h6 Rf1+ 51. Kg4 Kd2 52. h7 Rh1 53. Rd8+ Kc2 54. h8=Q Rxh8 55. Rxh8 Kb2 56. Rxc3 Kxc3 57. Rd8 Rg7+ 58. Kf3 1-0


[Site "https://www.chess.com"]

[Event "Titled Tuesday Blitz April 25 Early 2023"]
[White "Vidruska, Renate"]
[Black "Levitan, Caleb Levi"]
[WhiteFideId "11601841"]
[BlackFideId "14332620"]
[WhiteElo "1976"]
[BlackElo "1963"]
[Result "0-1"]
[Round "05"]
[TimeControl "180+2"]
[Date "2023.04.25"]
[WhiteClock "0:00:57"]
[BlackClock "0:00:06"]

1. e4 e5 2. Nf3 Nc6 3. Nc3 Nf6 4. g3 Bc5 5. Bg2 d6 6. O-O O-O 7. d3 Nd4 8. Nxd4 Bxd4 9. Ne2 Bb6 10. a4 a5 11. c3 d5 12. h3 dxe4 13. dxe4 Be6 14. Bg5 Qe7 15. Kh2 h6 16. Bxf6 Qxf6 17. f4 Rfd8 18. Qc2 Bc4 19. f5 Bd3 20. Qd1 Bxe4 21. Qe1 Bxg2 22. Kxg2 Rd3 23. Rd1 Rxd1 24. Qxd1 Rd8 25. Qc1 Rd3 26. g4 Qc6+ 27. Kh2 Be3 28. Qe1 Rd2 29. Kg3 Qc4 30. Ng1 Bf4+ 31. Kh4 Rg2 32. Rf3 Bg5+ 33. Kh5 g6+ 34. fxg6 fxg6+ 35. Kxg6 Qe6+ 36. Kh5 Qe8+ 0-1


[Site "https://www.chess.com"]

[Event "Titled Tuesday Blitz April 25 Early 2023"]
[White "Castillo Pena, Patricia Evarista"]
[Black "Nissinen, Niilo Man"]
[WhiteFideId "6412106"]
[BlackFideId "30950767"]
[WhiteElo "1919"]
[BlackElo "1952"]
[Result "0-1"]
[Round "05"]
[TimeControl "180+2"]
[Date "2023.04.25"]
[WhiteClock "0:00:10"]
[BlackClock "0:00:59"]

1. d4 Nf6 2. Nf3 g6 3. Nc3 d5 4. Bf4 a6 5. e3 Bg7 6. Be2 c5 7. Ne5 O-O 8. O-O Nfd7 9. Nf3 e6 10. a4 Nc6 11. Bd6 Re8 12. dxc5 Qa5 13. Nd4 Nxc5 14. Nxc6 bxc6 15. Qd2 Bxc3 16. Qxc3 Qxc3 17. bxc3 Ne4 18. Be5 f6 19. Bd4 e5 20. Bb6 Nxc3 21. Rfe1 Bf5 22. Ba5 Nxe2+ 23. Rxe2 Rab8 24. f3 Rb2 25. e4 Be6 26. Bc3 Rb7 27. a5 Reb8 28. Kf2 d4 29. Bd2 c5 30. f4 Rb2 31. fxe5 fxe5 32. Bh6 c4 33. Rf1 Bg4 34. Rd2 c3 35. Rd3 Rxc2+ 36. Kg1 Be2 37. Rdf3 Bxf3 38. Rxf3 Rb1+ 39. Rf1 Rxf1+ 40. Kxf1 d3 0-1


[Site "https://www.chess.com"]

[Event "Titled Tuesday Blitz April 25 Early 2023"]
[White "Schut, Han"]
[Black "Lohani, Sujana"]
[WhiteFideId "1005561"]
[BlackFideId "12311987"]
[WhiteElo "2024"]
[BlackElo "1718"]
[Result "1-0"]
[Round "05"]
[TimeControl "180+2"]
[Date "2023.04.25"]
[WhiteClock "0:01:50"]
[BlackClock "0:00:10"]

1. e4 c6 2. d4 d5 3. exd5 cxd5 4. c4 Nf6 5. Nc3 e6 6. Nf3 Be7 7. cxd5 exd5 8. Ne5 O-O 9. f4 Re8 10. Be2 Nc6 11. O-O Ne4 12. Bf3 Qb6 13. Nxd5 Nf6 14. Nxb6 axb6 15. Nxc6 bxc6 16. Bxc6 1-0


[Site "https://www.chess.com"]

[Event "Titled Tuesday Blitz April 25 Early 2023"]
[White "Coelho, Ramyres Santana"]
[Black "Sanchez, Robert"]
[WhiteFideId "2120690"]
[BlackFideId "2034360"]
[WhiteElo "1888"]
[BlackElo "1943"]
[Result "1-0"]
[Round "05"]
[TimeControl "180+2"]
[Date "2023.04.25"]
[WhiteClock "0:01:47"]
[BlackClock "0:01:00"]

1. e4 e6 2. d4 d5 3. Nc3 Nf6 4. e5 Ne4 5. f4 Qh4+ 6. g3 Nxg3 7. hxg3 Qxh1 8. Kf2 c5 9. Bg2 Qh2 10. Nb5 Na6 11. Be3 Bd7 12. Nf3 Qh5 13. Qe2 h6 14. Nd6+ Bxd6 15. exd6 cxd4 16. Bxd4 O-O 17. Rh1 Qf5 18. Ne5 Rfc8 19. c3 Rd8 20. Rh5 Qh7 21. g4 f6 22. Nd3 Qg6 23. f5 exf5 24. Bxd5+ Kh7 25. gxf5 Bxf5 26. Nf4 Qg4 27. Rxf5 Re8 28. Qxg4 1-0


[Site "https://www.chess.com"]

[Event "Titled Tuesday Blitz April 25 Early 2023"]
[White "Caruana, Fabiano"]
[Black "Deac, Bogdan-Daniel"]
[WhiteFideId "2020009"]
[BlackFideId "1226380"]
[WhiteElo "2837"]
[BlackElo "2649"]
[Result "1-0"]
[Round "06"]
[TimeControl "180+2"]
[Date "2023.04.25"]
[WhiteClock "0:00:04"]
[BlackClock "0:00:01"]

1. d4 Nf6 2. c4 e6 3. Nc3 Bb4 4. e3 O-O 5. a3 Bxc3+ 6. bxc3 d6 7. Ne2 e5 8. Ng3 Re8 9. f3 c6 10. Be2 Qe7 11. O-O d5 12. a4 Qc7 13. Rb1 b6 14. cxd5 cxd5 15. Bb5 Bd7 16. Bd3 Nc6 17. Qc2 Na5 18. e4 Rac8 19. Qf2 dxe4 20. Nxe4 Nxe4 21. fxe4 Bxa4 22. dxe5 Nc6 23. Ba6 Rb8 24. Bc4 Nxe5 25. Bd5 Bc6 26. Bf4 Bxd5 27. exd5 Qxc3 28. Rbc1 Qb4 29. Bxe5 Rxe5 30. Qxf7+ Kh8 31. Rc7 Qd4+ 32. Kh1 Ree8 33. d6 Rg8 34. d7 h6 35. h3 Qd6 36. Rfc1 Rbf8 37. Qc4 Rd8 38. Qg4 a5 39. Rb7 b5 40. Rd1 Qc6 41. Ra7 a4 42. Qd4 Qf6 43. Qd5 Qb2 44. Rb7 a3 45. Rxb5 Qc2 46. Ra5 Qb2 47. Rd2 Qc1+ 48. Rd1 Qb2 49. Qc4 Rgf8 50. Qd5 Qc3 51. Ra4 Qb2 52. Qd3 Rf7 53. Ra7 Rff8 54. Qxa3 Qf2 55. Qa6 Qe3 56. Rb7 Kh7 57. Qd6 Qe4 58. Qd5 Qxd5 59. Rxd5 Rf7 60. Kh2 g5 61. Kg3 Kg6 62. Rb6+ Kg7 63. Rbd6 Re7 64. Kg4 Rf7 65. g3 Re7 66. Kh5 g4 67. hxg4 Re1 68. Rg6+ Kf7 69. Kxh6 Rh8+ 70. Kg5 Rd8 71. Rgd6 Re7 72. Rh6 Kg7 73. Rg6+ Kh7 74. Rd1 Rg7 75. Rh1+ 1-0


[Site "https://www.chess.com"]

[Event "Titled Tuesday Blitz April 25 Early 2023"]
[White "Chigaev, Maksim"]
[Black "Mamedyarov, Shakhriyar"]
[WhiteFideId "4108116"]
[BlackFideId "13401319"]
[WhiteElo "2547"]
[BlackElo "2704"]
[Result "1-0"]
[Round "06"]
[TimeControl "180+2"]
[Date "2023.04.25"]
[WhiteClock "0:00:09"]
[BlackClock "0:00:04"]

1. d4 Nf6 2. Bg5 d5 3. e3 Ne4 4. h4 Bf5 5. Nd2 Nxg5 6. hxg5 e6 7. f4 h6 8. Bd3 Bxd3 9. cxd3 c5 10. dxc5 Bxc5 11. d4 Bb4 12. Kf2 Nd7 13. Ndf3 Qb6 14. Ne2 O-O-O 15. Qb3 Kb8 16. Rac1 hxg5 17. Nxg5 Rhf8 18. Rh7 f6 19. Nf3 Rf7 20. f5 Re8 21. Nf4 Nf8 22. Rh8 Rfe7 23. fxe6 Bd6 24. Qxb6 axb6 25. Nxd5 Rxe6 26. Rc3 b5 27. Rb3 b4 28. Nxb4 Kc7 29. Nd5+ Kb8 30. Nb6 Kc7 31. Nc4 Be7 32. d5 Ra6 33. Nd4 Rd8 34. d6+ Bxd6 35. Nb5+ 1-0


[Site "https://www.chess.com"]

[Event "Titled Tuesday Blitz April 25 Early 2023"]
[White "Moussard, Jules"]
[Black "Gupta, Abhijeet"]
[WhiteFideId "642908"]
[BlackFideId "5010608"]
[WhiteElo "2610"]
[BlackElo "2528"]
[Result "0-1"]
[Round "06"]
[TimeControl "180+2"]
[Date "2023.04.25"]
[WhiteClock "0:00:02"]
[BlackClock "0:00:11"]

1. e4 c5 2. Nf3 d6 3. d4 cxd4 4. Nxd4 Nf6 5. Nc3 Nc6 6. g3 g6 7. Bg2 Nxd4 8. Qxd4 Bg7 9. O-O O-O 10. Qd3 a6 11. a4 Rb8 12. Re1 Bd7 13. a5 Bc6 14. Be3 Nd7 15. Qe2 Rc8 16. Bd2 Nc5 17. Red1 Qc7 18. Qe3 Ne6 19. Be1 Rfd8 20. Nd5 Bxd5 21. exd5 Nc5 22. c4 Bxb2 23. Rab1 Bf6 24. h4 Nd7 25. Rdc1 Ne5 26. Qe2 h5 27. Rb3 Rb8 28. Qe3 Ng4 29. Qd3 Qc5 30. Qe2 Ne5 31. Bf1 Kg7 32. Kg2 Rd7 33. Rcb1 Ng4 34. Bb4 Qc8 35. Bd2 Rc7 36. Qe4 Ne5 37. Rc1 Qf5 38. Qxf5 gxf5 39. Be2 Kg6 40. Be3 Rbc8 41. Bb6 Rd7 42. f4 Ng4 43. Bd3 e5 44. fxe5 dxe5 45. Be2 e4 46. Rd1 Be7 47. Bd4 Bc5 48. Bxg4 fxg4 49. Kf2 Bxd4+ 50. Rxd4 f5 51. Ke3 Rc5 52. Rb6+ Kg7 53. Kf4 Rxa5 54. Kxf5 e3 55. Rg6+ Kf7 56. Re4 Raxd5+ 57. cxd5 Rxd5+ 58. Kf4 Kxg6 59. Re6+ Kf7 60. Rxe3 b5 61. Rc3 a5 62. Ke4 Rd1 63. Rc5 Rb1 64. Rxh5 a4 65. Kd3 a3 66. Rh7+ Kg6 67. Ra7 b4 68. Ra6+ Kf5 69. h5 Rh1 70. Kc4 Rxh5 71. Kxb4 Rh1 72. Rxa3 Ke4 73. Kc4 Rc1+ 74. Kb5 Rf1 75. Kc5 Rf3 76. Ra4+ Kf5 77. Kd4 Rxg3 78. Ra8 Rb3 79. Rf8+ Kg5 80. Ke4 Kh4 81. Rf1 Kg3 82. Rg1+ Kh3 83. Kf4 Rf3+ 84. Ke4 Rf8 85. Rh1+ Kg2 86. Rh7 g3 87. Ke3 Kg1 88. Ke2 g2 89. Rh6 Re8+ 90. Kd2 Re5 91. Rf6 Re4 92. Kd3 Rh4 93. Ra6 Kh2 94. Ra2 Kh1 0-1


[Site "https://www.chess.com"]

[Event "Titled Tuesday Blitz April 25 Early 2023"]
[White "Pranesh M"]
[Black "Naroditsky, Daniel"]
[WhiteFideId "35028600"]
[BlackFideId "2026961"]
[WhiteElo "2437"]
[BlackElo "2633"]
[Result "1/2-1/2"]
[Round "06"]
[TimeControl "180+2"]
[Date "2023.04.25"]
[WhiteClock "0:00:32"]
[BlackClock "0:00:02"]

1. e4 c5 2. Nf3 d6 3. d4 cxd4 4. Nxd4 Nf6 5. Nc3 a6 6. Bd3 e5 7. Nde2 Be7 8. O-O b5 9. a4 b4 10. Nd5 Nxd5 11. exd5 O-O 12. a5 Nd7 13. Be3 f5 14. f3 Qc7 15. Qd2 Rb8 16. Kh1 Nc5 17. Bc4 Ne4 18. Qd3 Nc5 19. Bxc5 Qxc5 20. Bxa6 Bxa6 21. Qxa6 Qxc2 22. Rac1 Qxb2 23. Rc7 Bf6 24. Ng3 e4 25. fxe4 fxe4 26. Qxd6 Qe5 27. Qe6+ Qxe6 28. dxe6 Be5 29. Rxf8+ Rxf8 30. Rb7 Bxg3 31. hxg3 e3 32. e7 e2 33. exf8=Q+ Kxf8 34. a6 e1=Q+ 35. Kh2 Qe6 36. a7 Qh6+ 37. Kg1 Qe3+ 38. Kh2 Qh6+ 39. Kg1 Qe3+ 40. Kh2 Qh6+ 1/2-1/2


[Site "https://www.chess.com"]